 Dungeon Crawl Stone Soup version 0.23-a0-890-gc183402 (console) character file.

Game seed: 15526716538410060092

9 Duffy the Chopper (level 2, 0/26 HPs)
             Began as a Naga Gladiator on Jan 28, 2019.
             Slain by an orc priest
             ... wielding a cursed -2 flail
              (2 damage)
             ... on level 3 of the Dungeon.
             The game lasted 00:00:28 (177 turns).

Duffy the Chopper (Naga Gladiator)                   Turns: 177, Time: 00:00:29

Health: 0/26       AC:  6    Str: 16    XL:     2   Next: 16%
Magic:  2/2        EV:  3    Int:  8    God:
Gold:   29         SH:  0    Dex: 12    Spells: 1/1 levels left

rFire    . . .     SeeInvis +   a - +0 war axe
rCold    . . .     Gourm    .   (no shield)
rNeg     . . .     Faith    .   e - +0 plate armour
rPois    +         Spirit   .   c - +0 helmet
rElec    .         Reflect  .   (no cloak)
rCorr    .         Harm     .   (no gloves)
MR       .....                  (no barding)
Stlth    ..........             (no amulet)
HPRegen  0.08/turn              (no ring)
MPRegen  0.08/turn              (no ring)

@: short of breath, very slow
A: large, see invisible, deformed body, poison resistance, slowness 2, slow
metabolism 1, spit poison 1, AC +0
a: Spit Poison


You were on level 3 of the Dungeon.
You were not hungry.

You visited 1 branch of the dungeon, and saw 3 of its levels.

You collected 29 gold pieces.

Inventory:

Hand Weapons
 a - a +0 war axe (weapon)
Missiles
 d - 3 throwing nets (quivered)
Armour
 c - a +0 helmet (worn)
 e - a +0 plate armour (worn)
Scrolls
 b - a scroll of fear {unknown}
Comestibles
 f - 2 rations


   Skills:
 - Level 2.0 Fighting
 * Level 3.4 Axes
 - Level 1.7 Throwing
 + Level 0.4 Armour
 - Level 2.4 Dodging


You had one spell level left.
You didn't know any spells.
Your spell library was empty.

Dungeon Overview and Level Annotations

Branches:
Dungeon (3/15)

Altars:


Innate Abilities, Weirdness & Mutations

You cannot wear boots.
Your serpentine skin is tough. (AC +0)
You have supernaturally acute eyesight. (SInv)
Armour fits poorly on your strangely shaped body.
Your system is resistant to poisons. (rPois)
You cover ground very slowly.
You have a slow metabolism.
You can spit poison.


Message History

The splash of poison hits the orc priest.
The orc priest is lightly wounded.
You feel slightly more hungry.
You slash the orc!
You kill the orc!
The orc priest hits you with a cursed -2 flail.
You slash the orc priest!
The orc priest is severely wounded.
You have got your breath back.
The orc priest hits you with a cursed -2 flail!
Press: ? - help, Shift-Dir - straight line, f/p - orc priest
Aim: an orc priest, wielding a -2 flail (severely wounded)
The splash of poison hits the orc priest but does no damage.
The orc priest is severely wounded.
You feel slightly more hungry.
The orc priest hits you but does no damage.
Your plate armour prevents you from hitting the orc priest.
The orc priest is severely wounded.
The orc priest hits you with a cursed -2 flail.
You die...

..7 P. #.....7.7
..7 ..77 7........
##.. ..77.....7
...77 7P7....###.
#...777777.<......#
#.............#....
#.o..#............#
#.[.o#.........###
#....#@.......##
#....o........#
#...###########
#..$. ......
....... [.......#
.......


You could see an orc priest.

Vanquished Creatures
  2 orcs (D:3)
  A giant cockroach (D:2)
  2 goblins
  A hobgoblin (D:2)
6 creatures vanquished.

Notes
Turn   | Place    | Note
-------+----------+-------------------------------------------
     0 | D:1      | Duffy the Naga Gladiator began the quest for the Orb.
     0 | D:1      | Reached XP level 1. HP: 19/19 MP: 1/1
   166 | D:3      | Reached XP level 2. HP: 26/26 MP: 2/2
   177 | D:3      | Slain by an orc priest

Vault maps used:
D:1:      dpeg_arrival_simpleton_b
D:2:      minmay_misc_feat_diagonals, minivault_19,
          wander_ebering_terrifying_dragon_lair
D:3:      serial_forest, infiniplex_forest_clump_medium,
          infiniplex_forest_lined_1, infiniplex_forest_clump_small,
          infiniplex_forest_end_3, infiniplex_forest_clump_small,
          infiniplex_forest_clump_tiny, infiniplex_forest_end_1,
          minmay_goblin_outpost

Action                   || total
-------------------------++-------
Melee: War axe           ||    15
 Abil: Spit Poison       ||     2
Armor: Plate armour      ||     3
Dodge: Dodged            ||     4

Table legend:
 A = Non-vault XP
 B = Vault XP
 C = Vault XP percentage of total XP
 D = Non-vault monster count
 E = Vault monster count
 F = Vault count percentage of total count
                 A         B        C        D         E       F
            +---------+---------+-------+---------+---------+-------
      Total |      14 |       0 |   0.0 |       6 |       0 |   0.0
            +---------+---------+-------+---------+---------+-------
        D:1 |       2 |       0 |   0.0 |       1 |       0 |   0.0
        D:2 |       6 |       0 |   0.0 |       3 |       0 |   0.0
        D:3 |       6 |       0 |   0.0 |       2 |       0 |   0.0
            +---------+---------+-------+---------+---------+-------
